 Dungeon Crawl Stone Soup version 0.31.0-32-g396128a36d (webtiles) character file.

Game seed: 5111828929337702068

17 TacoSundae the Ruffian (level 2, 0/14 HPs)
             Began as a Vine Stalker Shapeshifter on Apr 4, 2024.
             Slain by Jessica
             ... wielding a +0 dagger
              (3 damage)
             ... on level 2 of the Dungeon.
             The game lasted 00:01:28 (956 turns).

TacoSundae the Ruffian (Vine Stalker Shapeshifter)   Turns: 956, Time: 00:01:29

Health: 0/14       AC:  3    Str: 16    XL:     2   Next: 62%
Magic:  0/3        EV: 11    Int: 10    God:
Gold:   19         SH:  0    Dex: 13    Spells: 1/1 levels left

rFire   . .          .
                       - Unarmed
rCold   . . .        (no shield)
rNeg    . . .        l - +0 leather armour
rPois   .            (helmet currently unavailable)
rElec   .            (cloak currently unavailable)
rCorr   .            (gloves currently unavailable)
SInv    .            (boots currently unavailable)
Will    +....        (no amulet)
Stlth   +            k - ring of willpower
HPRegen 1.02/turn    (no ring)
MPRegen 0.08/turn

%: guardian spirit
@: beast-form
A: beast (slay +1), fangs 2, regeneration 1, magic shield, antimagic bite, no
potion heal 2
a: Begin Untransformation


You were on level 2 of the Dungeon.
You were a hulking beast.
You visited 1 branch of the dungeon, and saw 2 of its levels.

You collected 19 gold pieces.

Inventory:

Armour
 l - a +0 leather armour (worn)
Jewellery
 j - a ring of wizardry
 k - a ring of willpower (left hand)
Talismans
 c - a beast talisman
 d - a flux talisman
Scrolls
 e - a scroll of poison {unknown}
 g - a scroll of torment {unknown}
 h - a scroll of fog {unknown}
Potions
 b - a potion of lignification
 f - 2 potions of magic {unknown}
 i - a potion of haste {unknown}


   Skills:
 + Level 1.1 Fighting
 + Level 1.7 Dodging
 * Level 3.3 Unarmed Combat
 * Level 3.2 Shapeshifting


You had one spell level left.
You didn't know any spells.
Your spell library was empty.

Dungeon Overview and Level Annotations

Branches:
Dungeon (2/15)

Altars:

Annotations:
D:2 Jessica


Innate Abilities, Weirdness & Mutations

You are a hulking beast.
Your limbs bulge with bestial killing power. (Slay +1)
You have extremely sharp teeth.
Your natural rate of healing is unusually fast.
When hurt, damage is shared between your health and your magic reserves.
Your bite disrupts and absorbs the magic of your enemies.
Potions cannot restore your health.


Message History

Jessica casts a spell.
Jessica blinks!
The rat attacks as it pursues you! The rat bites you but does no damage.
The bat attacks as it pursues you! The bat hits you but does no damage.
The bat closely misses you. The bat hits you but does no damage.
The bat hits you.
You hit the bat.
You kill the bat!
The rat attacks as it pursues you! The rat closely misses you.
Jessica mumbles something strange.
The rat attacks as it pursues you! The rat barely misses you.
Jessica grins evilly.
Jessica gestures wildly while chanting.
Jessica blinks!
The rat twitches its whiskers.
The rat attacks as it pursues you! The rat bites you but does no damage.
Jessica shouts, "I don't like beings like you!"
A goblin comes into view. It is wielding a +0 dagger.
The goblin shouts!
You hear an angry hiss.
The rat attacks as it pursues you! The rat closely misses you.
An adder comes into view.
The rat attacks as it pursues you! The rat misses you.
Jessica completely misses you. Jessica hits you but does no damage.
The rat bites you but does no damage. Jessica gestures at you while chanting.
You resist with some effort. The goblin closely misses you. The rat bites you.
The goblin attacks as it pursues you! The goblin closely misses you.
Jessica hits you but does no damage. Jessica attacks as she pursues you!
Jessica closely misses you.
Found a leather armour.
Jessica misses you. The goblin attacks as it pursues you!
The goblin closely misses you. Jessica attacks as she pursues you!
Jessica hits you with a +0 dagger. Jessica attacks as she pursues you!
Jessica hits you with a +0 dagger. x2
* * * LOW HITPOINT WARNING * * *
Jessica hits you with a +0 dagger.
* * * LOW HITPOINT WARNING * * *
Jessica attacks as she pursues you! Jessica hits you with a +0 dagger.
* * * LOW HITPOINT WARNING * * *
Jessica hits you with a +0 dagger.
You die...

##. ... #.. #.#
#.#
##.####.#######
........[......
# #h##.....# #.
#@##.....#
#.####g##.....#
##....r.##.....#
.......g##.....#
###.....##.....#
#.....##.....#
#####
#...[........#
#....
####.......###
#....


You could see Jessica (fast), 2 goblins and a rat.

Vanquished Creatures
  A ribbon worm (D:2)
  A ball python (D:1)
  4 bats
  A giant cockroach (D:1)
  A goblin (D:1)
  A hobgoblin (D:1)
  A kobold (D:1)
  A frilled lizard (D:1)
  3 rats (D:1)
14 creatures vanquished.

Notes
Turn   | Place    | Note
-------+----------+-------------------------------------------
     0 | D:1      | TacoSundae the Vine Stalker Shapeshifter began the quest
                  | for the Orb.
     0 | D:1      | Reached XP level 1. HP: 9/9 MP: 2/2
   234 | D:1      | Reached skill level 1 in Fighting
   406 | D:1      | Reached XP level 2. HP: 13/14 MP: 1/3
   922 | D:2      | Noticed Jessica
   956 | D:2      | Slain by Jessica

Illustrated notes

Levels and vault maps discovered:
D:1:      dpeg_arrival_tiny_i, layout_basic, nrook_mini_backslash
D:2:      layout_basic, uniq_terence, uniq_jessica

Skill      XL: |  1 |
---------------+----+-----
Fighting       | 1 |  1.1
Dodging        | |  1.7
Unarmed Combat | |  3.3
Shapeshifting  | |  3.2

Action                     || total
---------------------------++-------
  Melee: Unarmed           ||    39
         Bite              ||     4
 Armour: Animal skin       ||    14
         Leather armour    ||    18
  Dodge: Dodged            ||    32
